Unix GnollHack Version 4.1.3 (Build 39) - last build Mon Mar 4 14:46:06 2024 (22b82040f06a5aca853afe0f11118da2d4c79290). Game began 2024-03-06 06:24:02, ended 2024-03-06 16:54:17 FIQ, neutral male elven Wizard ------- |(...(| |.._..| |(...(| ----- ---|--- --,,,- |,| ,|,,,,,| |,| ,,,,,%,,| -,-- ,,,---,,,| ,,,%----- ,,,,,,|,,,| ,,,,,,,---|,| -,,,,------ --,,,,,,-|,|---- ---, |,,,-- ,---,,,|,--,,| ,,,,,,, |,[--|. ,, --,%,,|,,a,,| ,,,,,,,,,,,),-.---+-----,,-|,,,,,,z,,@-| ,,,{,,, ----,,,,,,,,,,,,,,,|@,,g,,,,,,,| ,,,,,,, --+--,---------,,,,,,,,,--f,| ,,,,,,, |,|.%((| --,,,,,,,- ---- ,,--- |,-.(((| ---,,,--- --|.(((| - ------ FIQ the Evoker St:18/** Dx:15 Co:12 In:20 Wi:7 Ch:11 Neutral Dlvl:8 HP:0(27) MP:45(45) AC:-1 MC:9/70% MS:12 W:2hM XL:2/25 x $:44 T:3331 1h:37m S:27000 JQ: HP:112(112) Latest messages: R - an uncursed yellow gem. x - an uncursed yellow gem. M - an uncursed yellowish brown gem. l - an uncursed nugget of copper ore. W - an uncursed nugget of iron ore. p - a cursed silver brooch. What do you want to use or apply? [deqtuwBPSTX or ?*] Never mind. What do you want to use or apply? [deqtuwBPSTX or ?*] B What do you want to put on? [fnpQ or ?*] Q Q - an uncursed tetrahedral amulet (being worn). What do you want to examine? [- $a-zA-DIMNP-Z or ?*] Q What do you want to remove? [gyQ or ?*] Q You were wearing an uncursed tetrahedral amulet. What do you want to examine? [- $a-zA-DIMNP-Z or ?*] i The orc zombie hits for 5 damage! The staff of fire burns the orc zombie! You hit the orc zombie for 22 damage! The orc zombie is destroyed! You gain 5 experience points. You see here an orc corpse (53 lbs). You trip over it. Your candle is getting short. You see here an orc corpse (53 lbs). JQ bites the manes. The manes sustains 6 damage! The manes is destroyed! Talk to whom? (in what direction) k "Hello, adventurer! May I interest you in the following items?" Would you like to bless an item? (330 gold pieces) n Then would you like to curse one? (330 gold pieces) n Would you like to see your fortune? (25 gold pieces) y "Very well, then. Let's see what your fortune is like." "First, you should know that you cannot safely pray." "For your fortune, I see a number of 3. That is not good, for it is an unlucky number." "That's all for now. Thank you for your interest in divine matters." Never mind. Talk to whom? (in what direction) k You slip and nearly fall. You see here an orc corpse (53 lbs). You flounder. You hear the chime of a cash register. The staff of fire burns the giant beetle! You hit the giant beetle for 19 damage! You miss the giant beetle. The giant beetle bites for 13 damage! The giant beetle bites for 8 damage! You die... You were playing on expert difficulty in classic mode. Do you want to see the dungeon overview? y Inventory: Coins $ - 44 gold pieces Amulets Q - an uncursed amulet versus petrification Weapons a - a blessed +1 staff of fire (weapon in hands) Armor b - an uncursed +0 leather cloak (being worn) c - a cursed -1 pair of steel shoes k - a cursed thoroughly rusty -2 exceptional orcish chain mail (being worn; inferior) m - an uncursed +1 robe of protection (being worn) A - a cursed -2 pair of spiked boots (being worn) C - an uncursed +0 pair of exceptional mithril shoes I - an uncursed +0 dwarvish mithril-coat N - an uncursed +0 Hawaiian shirt U - an uncursed rusty +0 pair of gauntlets of ogre power (being worn) V - a cursed +0 pair of iron shoes Comestibles D - an uncursed cram ration Potions h - an uncursed potion of oil i - an uncursed potion of heroism j - an uncursed potion of blindness o - an uncursed potion of enlightenment r - an uncursed potion of monster detection s - an uncursed potion of dwarven mushroom brew v - an uncursed potion of speed Rings f - an uncursed ring of regeneration g - an uncursed ring of wizardry (on right hand) n - an uncursed ring of regeneration Wands e - an uncursed wand of locking (0:6) t - a cursed wand of probing (0:33) u - an uncursed wand of create monster (0:12) P - a cursed wand of striking (0:87) S - an uncursed wand of town portal (0:12) Tools d - a cursed tallow candle (300 turns left) q - an uncursed wooden flute w - an uncursed tin whistle B - an uncursed bag of wizardry containing 23 items X - a cursed partly used tallow candle (lit, 40 turns left) Gems/Stones l - an uncursed nugget of copper ore x - an uncursed chrysoberyl stone z - an uncursed garnet stone M - an uncursed worthless piece of yellowish brown glass R - an uncursed worthless piece of yellow glass T - a cursed jinxstone W - an uncursed nugget of iron ore Y - an uncursed worthless piece of violet glass Z - 2 uncursed worthless pieces of red glass Miscellaneous p - a cursed brooch of haplessness y - an uncursed pair of goggles of eye protection (being worn) Not carrying anything Contents of the bag of wizardry: 1 - 10 uncursed +0 arrows 2 - a cursed candy bar 3 - 2 uncursed champignons 4 - 2 uncursed chanterelles 5 - 2 uncursed chanterelles 6 - 3 uncursed cloudberries 7 - an uncursed food ration 8 - an uncursed fortune cookie 9 - an uncursed healing mushroom 10 - an uncursed panther cap 11 - 2 uncursed penny buns 12 - an uncursed scroll of charging 13 - an uncursed scroll of identify 14 - an uncursed scroll of protect weapon 15 - an uncursed scroll of teleportation 16 - an uncursed bone 17 - an uncursed clove of garlic 18 - 3 uncursed ginseng roots 19 - an uncursed ginseng root 20 - 3 uncursed heaps of sporal powder 21 - 3 uncursed pieces of wood 22 - an uncursed pinch of sulfurous ash 23 - 2 uncursed sprigs of wolfsbane FIQ the Wizard's attributes: Background: You were an Evoker, a level 2 male elven Wizard. You were neutral, on a mission for Thoth who was opposed by Ptah (lawful) and Anhur (chaotic). You were in the Gnomish Mines, on level 8. You entered the dungeon 3331 turns ago. You had 25 experience points. Basics: You had 0 out of 27 hit points. You had 45 mana in total. Your armor class was -1. Your magic cancellation was 9 (70% chance). Your wallet contained 44 gold pieces. Autopickup was on for '$"?+!=/' plus thrown, with exceptions. Your game difficulty was expert (100% damage by monsters, 100% by player). You were playing in classic mode (traditional mode with permanent death). Your game score was 27000. You had been playing the game for 1 hour, 37 minutes and 15 seconds. Final Characteristics: Your strength was 18/100 (base:10, innate limit:18, +4 to-hit bonus, +8 damage bonus). Your dexterity was 15 (limit:18, +3 to-hit bonus, -3 AC bonus). Your constitution was 12 (limit:16, +2.5 HP bonus per level). Your intelligence was 20 (limit:20). Your wisdom was 7 (limit:20). Your charisma was 11 (limit:18). Final Status: You fumbled because of your jinxstone and an effect (4 rounds left). You were unencumbered. You were wielding a quarterstaff. You had basic skill with quarterstaves (+0 to hit and +0 to damage). You had no skill with two-handed weapons (+0 to hit and +0 to damage, 0% double-hit chance). Final Attributes: You were piously aligned. You were strongly (75%) fire resistant because of your staff of fire. You were poison resistant intrinsically. You were protected from eye damage because of your goggles of eye protection. You had infravision innately. You were unlucky. You had reduced luck. Bad luck did not time out for you. You are dead. Final Skills: Dagger Unskilled / Expert Sword Unskilled / Basic Quarterstaff Basic / Expert Thrown weapon Unskilled / Skilled Arcane spell Basic / Grand Master Divination spell Unskilled / Expert Abjuration spell Unskilled / Expert Movement spell Unskilled / Grand Master Transmutation spell Basic / Grand Master Enchantment spell Basic / Grand Master Conjuration spell Unskilled / Grand Master Bare handed combat Unskilled / Basic Dodge Unskilled / Expert Wand Basic / Grand Master Riding Unskilled / Basic Disarm trap Unskilled / Basic You had 1 skill slot available Spells in your repertoire: Magic arrow 76% success 20 castings left Shield 100% success 20 castings left Enchant armor 100% success 2 castings left Circle of magic 0% success 120 castings left Create glass golem 0% success 1 casting left Sleep 96% success 10 castings left Enchant weapon 96% success 2 castings left Summoning call 0% success 20 castings left Anti-magic shell 45% success 4 castings left Water walking 45% success 8 castings left Major events: Turn 1: FIQ the neutral male elven Wizard has entered the dungeon on expert difficulty in classic mode 2545: entered the Gnomish Mines 3331: killed by a giant beetle Vanquished creatures: a small mimic 2 quivering blobs 2 lizards a human zombie a gnoll 2 gnome lords or ladies a gnomish wizard a rock piercer a rock mole 4 elf zombies 6 dwarves a homunculus a kobold shaman a hill orc a rabid rat an orc zombie a dwarf zombie an iguana 2 acid blobs a coyote a gas spore 12 gnomes 2 manes a hobgoblin an orc 2 giant rats a gnome zombie a brown mold a green mold 2 garter snakes 3 geckos 4 jackals 4 goblins a sewer rat 12 grid bugs a lichen 2 newts 83 creatures vanquished. No species were genocided or became extinct. Goals: You were on a mission to recover the Amulet of Yendor for Thoth. Achievements: You had descended to the Gnomish Mines. You had visited Mine Town. You had visited a shop. You had visited a temple. Voluntary challenges: You never genocided any monsters. You never polymorphed an object. You never changed form. You used no wishes. The Dungeons of Doom: Levels 1 to 4 Level 1: An altar to Thoth, an entrance to the Dungeons of Doom. Level 2: A grave, many trees. Level 3: A sink. Level 4: An armor shop. Stairs down to The Gnomish Mines. The Gnomish Mines: Levels 5 to 8 Level 5: Level 6: Level 7: Level 8: <- You were here. A shop, a temple to Thoth, a fountain. Mine Town. Final resting place for you, killed by a giant beetle. ---------- / \ / REST \ / IN \ / PEACE \ / \ | FIQ | | 44 Au | | killed by a | | giant beetle | | | | | | 2024 | *| * * * | * _________)/\\_//(\/(/\)/\//\/|_)_______ Goodbye FIQ the Wizard... You died in The Gnomish Mines on dungeon level 8 with 27000 points, and 44 pieces of gold, after 3331 moves. You played on expert difficulty in classic mode for 1 hour, 37 minutes and 15 seconds. The dungeon never collapsed on you. You were level 2 with a maximum of 27 hit points when you died.